 Dungeon Crawl Stone Soup version 0.23.2-40-g277498a001 (webtiles) character file.

Game seed: 17598231101062052109

13393 OrcJesus the Blocker (level 11, -5/90 HPs)
             Began as a Deep Dwarf Fighter on Aug 29, 2019.
             Was a High Priest of Makhleb.
             Slain by Snorg (16 damage)
             ... on level 11 of the Dungeon on Sept 3, 2019.
             The game lasted 01:00:56 (9045 turns).

OrcJesus the Blocker (Deep Dwarf Fighter)           Turns: 9045, Time: 01:00:57

Health: -5/90      AC: 23    Str: 22    XL:     11   Next: 75%
Magic:  8/8        EV:  4    Int: 10    God:    Makhleb [*****.]
Gold:   584        SH: 19    Dex:  7    Spells: 10/10 levels left

rFire    + + +     SeeInvis .   C - +10 flail of Utixkax {crush, rF++ rC++ Dex-5}
rCold    + + .     Gourm    .   E - +0 large shield
rNeg     + + .     Faith    .   K - +0 plate armour
rPois    +         Spirit   .   n - +2 hat
rElec    .         Reflect  .   D - +1 cloak {rPois}
rCorr    .         Harm     .   u - +0 pair of gloves
MR       +....                  F - +0 pair of boots
Stlth    ..........             a - amulet of rage
HPRegen  0.00/turn              O - +3 ring of protection
MPRegen  0.11/turn              Q - ring "Fykis" {Fire rN++ Stlth+}

@: non-regenerating
A: damage resistance, heal wounds, antennae 1, yellow scales 1, cold resistance
1, low mp 1, sense surroundings 2, no regeneration
a: Heal Wounds, Minor Destruction, Lesser Servant of Makhleb, Major Destruction,
Greater Servant of Makhleb, Renounce Religion, Evoke Berserk Rage


You were on level 11 of the Dungeon.
You worshipped Makhleb.
Makhleb was extremely pleased with you.
You were not hungry.

You visited 1 branch of the dungeon, and saw 11 of its levels.
You also visited: Sewer and Ossuary.

You collected 584 gold pieces.

Inventory:

Hand Weapons
 C - the +10 flail of Utixkax (weapon) {crush, rF++ rC++ Dex-5}
   (You found it on level 10 of the Dungeon)

   It inflicts extra damage upon your enemies.
   It affects your dexterity (-5).
   It greatly protects you from fire.
   It greatly protects you from cold.
 H - a +4 hand axe of freezing
 N - a +2 whip of flaming
Missiles
 i - 6 throwing nets (quivered)
Armour
 n - a +2 hat (worn)
 u - a +0 pair of gloves (worn)
 D - a +1 cloak of poison resistance (worn)
 E - a +0 large shield (worn)
 F - a +0 pair of boots (worn)
 K - a +0 plate armour (worn)
 P - a scarf of resistance
Jewellery
 a - an amulet of rage (around neck)
 p - an uncursed ring of see invisible
 x - an uncursed ring of flight
 J - an uncursed ring of protection from fire
 O - a +3 ring of protection (left hand)
 Q - the ring "Fykis" (right hand) {Fire rN++ Stlth+}
   (You found it on level 9 of the Dungeon)

   [ring of fire]

   It enhances your fire magic.
   It protects you from fire.
   It makes you vulnerable to cold.
   It greatly protects you from negative energy.
   It makes you more stealthy.
 R - the ring "Gaminaoh" {Wiz rF- Int+5 Dex+3}
   (You found it on level 11 of the Dungeon)

   [ring of wizardry]

   It improves your spell success rate.
   It affects your intelligence (+5).
   It affects your dexterity (+3).
   It makes you vulnerable to fire.
Wands
 z - a wand of random effects (6)
 I - a wand of flame (9)
 L - a wand of paralysis (8)
 M - a wand of enslavement (6)
Scrolls
 c - a scroll of fear
 g - 9 scrolls of remove curse
 j - 2 scrolls of teleportation
 k - 2 scrolls of fog
 l - a scroll of enchant armour
 s - 5 scrolls of immolation
 t - a scroll of magic mapping
 v - a scroll of enchant weapon
 w - a scroll of summoning
 y - a scroll of blinking
 G - 5 scrolls of identify
Potions
 b - a potion of invisibility
 e - a potion of might
 h - 8 potions of flight
 m - a potion of cancellation
 o - a potion of agility
 q - 3 potions of magic
 r - 2 potions of heal wounds
 A - 3 potions of curing
 B - a potion of brilliance
Comestibles
 d - 10 chunks of flesh
 f - 17 rations


   Skills:
 + Level 3.1 Fighting
 - Level 13.9(14.0) Axes
 * Level 2.0(8.8) Maces & Flails
 + Level 3.8 Armour
 + Level 1.5 Dodging
 * Level 14.3 Shields


You had 10 spell levels left.
You didn't know any spells.
Your spell library was empty.

Dungeon Overview and Level Annotations

Branches:
Dungeon (11/15)            Temple (0/1) D:7            Lair (0/6) D:9
    Orc (0/2) D:9

Altars:
Ashenzari
Fedhas
Kikubaaqudgha
Qazlal
Ru
Sif Muna
Uskayaw
Yredelemnul

Shops:
D:4 %

Annotations:
D:5 old gnol
D:10 2 transporters, OrcJesus's ghost, journeyman CeBe
D:11 Snorg


Innate Abilities, Weirdness & Mutations

You are resistant to damage.
You can heal yourself by infusing magical energy.
You passively map the area around you.
You do not regenerate.
You have a pair of small antennae on your head.
You are partially covered in yellow scales. (AC +2)
Your flesh is cold resistant. (rC+)
Your magical capacity is low. (-10% MP)


Message History

* * * LOW HITPOINT WARNING * * *
You block Snorg's attack. x2; Snorg bites you but does no damage.
Snorg claws you but does no damage. You block Snorg's attack.
Your plate armour prevents you from hitting Snorg.
Snorg is severely wounded.
Snorg barely misses you. Snorg claws you but does no damage. Snorg claws you.
* * * LOW HITPOINT WARNING * * *
You sock Snorg!
Snorg is almost dead.
Snorg bites you but does no damage. You block Snorg's attack. x2
Snorg bites you but does no damage. Snorg claws you but does no damage. x2
Your plate armour prevents you from hitting Snorg.
Snorg is almost dead.
You block Snorg's attack. x3
You sock Snorg!
Snorg is almost dead.
Snorg bites you but does no damage. You block Snorg's attack. Snorg claws you!
* * * LOW HITPOINT WARNING * * *
Snorg bites you!!
You die...

.............. ,, , , ,
.†..............**.# ..
,, ,, ................*
.# ... ,,
.##.##.......... .#....,
,
.##.##..........##.#....
,
.##.##..................
* * .##.#.........
......... ,
.##.#.##.#######T.......
,, ...#.....#
#...@....... , ,, ,
...#.....####.#.########
, , ..##..............#
* , ..#........##.#.#.#
*, .##......#.#..#.#.#*
* *, .#..^.####.#..#.# #
###.###....#.##.#, ,, ,
* ..###......#. ... , _.
........#. * ,


You could see Snorg (berserk).

Vanquished Creatures
  Harold (D:7)
  The ghost of H0rd4k the Twirler, a journeyman HuAr of Gozag (D:9)
  2 two-headed ogres
  An unseen horror (D:11)
  Pikel (D:8)
  A cyclops (D:11)
  Maurice (D:8)
  Joseph (D:8)
  An ice devil (D:9)
  Grinder (D:4)
  Prince Ribbit (D:6)
  4 hippogriffs
  Sigmund (D:6)
  A wyvern (D:8)
  Eustachio (D:5)
  A water moccasin (D:7)
  A black bear (D:8)
  6 orc warriors
  2 sky beasts (D:9)
  Duvessa (D:5)
  A hornet zombie (D:9)
  5 ice beasts
  4 slaves (D:8)
  3 phantoms
  2 necrophages
  An eye of draining (D:11)
  5 ogres
  7 centaurs
  2 crocodiles
  3 big kobolds
  3 bullfrogs
  Dowan (D:5)
  3 scorpions
  A water moccasin skeleton (D:6)
  10 killer bees (D:10)
  A vampire bat (D:4)
  12 wights
  4 howler monkeys
  A centaur zombie (D:11)
  5 crimson imps
  A quasit (Sewer)
  Crazy Yiuf (D:5)
  2 human zombies (Ossuary)
  A centaur skeleton (D:4)
  6 hounds
  6 jellies
  5 orc priests
  6 orc wizards
  2 bullfrog skeletons (D:8)
  Ijyb (D:5)
  4 iguanas
  4 worker ants
  4 big kobold zombies
  A centaur simulacrum (D:9)
  A hound skeleton (D:5)
  4 mummies (Ossuary)
  Robin (D:4)
  A killer bee simulacrum (D:9)
  A worker ant zombie (D:6)
  11 gnolls
  2 howler monkey skeletons
  7 adders
  2 hound simulacra (D:9)
  4 shadow imps
  2 white imps (D:9)
  2 ufetubi (Sewer)
  3 oozes
  An adder zombie (Sewer)
  A worm (D:5)
  3 dart slugs
  5 leopard geckos
  44 orcs
  7 ball pythons
  A bat zombie (Sewer)
  5 giant cockroaches
  A gnoll zombie (Ossuary)
  9 goblins
  16 hobgoblins
  16 jackals
  3 quokkas
  A ball python skeleton (D:4)
  12 bats
  3 frilled lizards
  2 hobgoblin zombies (Ossuary)
  A jackal skeleton (D:4)
  24 kobolds
  A kobold zombie (Ossuary)
  A leopard gecko skeleton (D:4)
  3 quokka skeletons
  A quokka zombie (D:5)
  5 rats
  A fungus (D:5)
356 creatures vanquished.

Vanquished Creatures (others)
  A kobold zombie (Sewer)
1 creature vanquished.

Grand Total: 357 creatures vanquished

Notes
Turn   | Place    | Note
-------+----------+-------------------------------------------
     0 | D:1      | OrcJesus the Deep Dwarf Fighter began the quest for the
                  | Orb.
     0 | D:1      | Reached XP level 1. HP: 20/20 MP: 1/1
   103 | D:1      | Reached XP level 2. HP: 27/27 MP: 2/2
   508 | D:2      | Reached skill level 4 in Shields
   550 | D:2      | Reached XP level 3. HP: 30/33 MP: 3/3
  1444 | D:3      | Reached XP level 4. HP: 35/40 MP: 4/4
  1984 | D:4      | Reached skill level 5 in Shields
  1984 | D:4      | Reached XP level 5. HP: 18/46 MP: 5/5
  1996 | D:4      | Reached skill level 5 in Axes
  2006 | D:4      | Noticed Robin
  2023 | D:4      | HP: 2/46 [hobgoblin/+0 club[Robin] (1)]
  2033 | D:4      | Killed Robin
  2033 | D:4      | Reached XP level 6. HP: 31/55 MP: 6/6
  2213 | D:4      | Found a sand-covered staircase.
  2220 | Ossuary  | Entered an ossuary
  2245 | Ossuary  | Reached skill level 6 in Shields
  2605 | D:4      | Reached XP level 7. HP: 25/61 MP: 7/7
  2635 | D:4      | Noticed Grinder
  2641 | D:4      | Gained mutation: You have a pair of small antennae on your
                  | head. [potion of mutation]
  2641 | D:4      | Gained mutation: Your magical capacity is low. (-10% MP)
                  | [potion of mutation]
  2641 | D:4      | Gained mutation: You are partially covered in yellow
                  | scales. (AC +2) [potion of mutation]
  2641 | D:4      | Gained mutation: Your flesh is cold resistant. (rC+)
                  | [potion of mutation]
  2652 | D:4      | Reached skill level 7 in Shields
  2681 | D:4      | Killed Grinder
  2700 | D:4      | Found Cimof's Food Emporium.
  3350 | D:5      | Entered Level 5 of the Dungeon
  3378 | D:5      | Noticed Duvessa
  3381 | D:5      | Noticed Dowan
  3394 | D:5      | Reached skill level 8 in Shields
  3394 | D:5      | Reached XP level 8. HP: 34/68 MP: 7/7
  3404 | D:5      | Killed Duvessa
  3410 | D:5      | Killed Dowan
  3556 | D:6      | Found a blossoming altar of Fedhas.
  3569 | D:6      | Found a glowing drain.
  3602 | Sewer    | Entered a sewer
  3711 | Sewer    | Found a burning altar of Makhleb.
  3723 | Sewer    | Reached skill level 9 in Shields
  3729 | Sewer    | Became a worshipper of Makhleb the Destroyer
  4015 | D:5      | Noticed Ijyb
  4021 | D:5      | Paralysed by Ijyb for 7 turns
  4023 | D:5      | Noticed Eustachio
  4037 | D:5      | Paralysed by Ijyb for 3 turns
  4073 | D:6      | HP: 1/68 [orc warrior/+0 great sword (7)]
  4094 | D:6      | Reached * piety under Makhleb
  4114 | D:5      | Killed Eustachio
  4114 | D:5      | Gained mutation: You passively map the area around you.
                  | [Deep Dwarf growth]
  4114 | D:5      | Reached XP level 9. HP: 30/74 MP: 8/8
  4116 | D:5      | Killed Ijyb
  4203 | D:5      | Reached skill level 10 in Shields
  4378 | D:5      | Found a deep blue altar of Sif Muna.
  4399 | D:5      | Found a shattered altar of Ashenzari.
  4508 | D:5      | Found an ancient bone altar of Kikubaaqudgha.
  4511 | D:5      | Found a stormy altar of Qazlal.
  4514 | D:5      | Found a sacrificial altar of Ru.
  4666 | D:5      | Found a runed translucent door.
  4667 | D:5      | Noticed Crazy Yiuf
  4673 | D:5      | Paralysed by Crazy Yiuf for 3 turns
  4678 | D:5      | Killed Crazy Yiuf
  4767 | D:6      | Reached skill level 10 in Axes
  4894 | D:6      | Noticed Sigmund
  4913 | D:6      | Killed Sigmund
  5133 | D:6      | Noticed Prince Ribbit
  5162 | D:6      | Killed Prince Ribbit
  5162 | D:6      | Reached skill level 11 in Shields
  5237 | D:7      | Reached ** piety under Makhleb
  5290 | D:7      | Noticed Harold
  5313 | D:7      | Killed Harold
  5313 | D:7      | Reached XP level 10. HP: 44/81 MP: 8/8
  5464 | D:7      | Found a basalt altar of Yredelemnul.
  5479 | D:7      | Noticed a +0 dagger
  5479 | D:7      | Noticed a +0 hand axe
  5480 | D:7      | Found a hide-covered altar of Uskayaw.
  5831 | D:7      | Reached skill level 12 in Shields
  5917 | D:7      | Found a staircase to the Ecumenical Temple.
  6354 | D:8      | Noticed Maurice
  6356 | D:8      | Noticed a two-headed ogre
  6438 | D:8      | Killed a two-headed ogre
  6438 | D:8      | Reached *** piety under Makhleb
  6548 | D:8      | Noticed Joseph
  6565 | D:8      | Killed Joseph
  6636 | D:8      | Noticed Pikel
  6661 | D:8      | Killed Pikel
  6661 | D:8      | Reached skill level 13 in Shields
  7097 | D:8      | Killed Maurice
  7097 | D:8      | Reached XP level 11. HP: 87/88 MP: 8/8
  7355 | D:9      | Noticed a two-headed ogre
  7370 | D:9      | Killed a two-headed ogre
  7445 | D:9      | Found a staircase to the Lair.
  7519 | D:9      | Found a staircase to the Orcish Mines.
  7611 | D:9      | Noticed H0rd4k's ghost (journeyman HuAr)
  7634 | D:9      | Found a runed translucent gate.
  7634 | D:9      | Found a runed translucent gate.
  7634 | D:9      | Found a runed translucent gate.
  7673 | D:9      | Reached **** piety under Makhleb
  8118 | D:9      | Killed H0rd4k's ghost
  8131 | D:9      | Got the ring "Fykis" {Fire}
  8173 | D:10     | Entered Level 10 of the Dungeon
  8189 | D:10     | Reached skill level 14 in Shields
  8216 | D:10     | Identified the ring "Fykis" {Fire rN++ Stlth+} (You found
                  | it on level 9 of the Dungeon)
  8573 | D:10     | Found a transporter.
  8608 | D:10     | Got an ancient flail
  8609 | D:10     | Identified the +10 flail of Utixkax {crush, rF++ rC++
                  | Dex-5} (You found it on level 10 of the Dungeon)
  8748 | D:10     | Noticed a death knight
  8752 | D:10     | Noticed OrcJesus's ghost (journeyman CeBe)
  8770 | D:10     | Found a transporter.
  8909 | D:11     | Reached skill level 1 in Maces & Flails
  8933 | D:11     | Reached skill level 1 in Dodging
  8997 | D:11     | Killed an unseen horror
  8997 | D:11     | Reached ***** piety under Makhleb
  9005 | D:11     | Found a shattered altar of Ashenzari.
  9009 | D:11     | Got a clouded bronze ring
  9011 | D:11     | Identified the ring "Gaminaoh" {Wiz rF- Int+5 Dex+3} (You
                  | found it on level 11 of the Dungeon)
  9025 | D:11     | Noticed Snorg
  9045 | D:11     | Slain by Snorg

Skill      XL: |  1  2  3  4  5  6  7  8  9 10 11 |
---------------+----------------------------------+-----
Axes           | 3 4 5 6 7 9 11 12 13 | 13.9
Shields        | 4 5 6 8 9 11 13 14 | 14.3
Maces & Flails | 2 |  2.0
Dodging        | 1 |  1.5
Fighting       | 3 |  3.1
Armour         | |  3.8

Action                   |  1- 3 |  4- 6 |  7- 9 | 10-12 || total
-------------------------+-------+-------+-------+-------++-------
Melee: War axe           |   110 |   206 |   540 |   264 ||  1120
       Hand axe          |       |       |       |   443 ||   443
       Flail             |       |       |       |    60 ||    60
 Abil: Heal Wounds       |       |     1 |     8 |       ||     9
Evoke: Wand              |       |       |     1 |       ||     1
  Use: Potion            |       |     5 |     9 |     1 ||    15
       Scroll            |       |       |    11 |     3 ||    14
 Stab: Invisible         |       |       |     2 |       ||     2
  Eat: Chunk             |     2 |     3 |    21 |     7 ||    33
Armor: Scale mail        |    21 |       |       |       ||    21
       Chain mail        |    39 |    79 |   266 |     6 ||   390
       Plate armour      |       |       |       |   218 ||   218
Dodge: Dodged            |    27 |    44 |   127 |    77 ||   275
Block: Shield            |    59 |   106 |   312 |       ||   477
       Large shield      |       |       |   121 |   497 ||   618
